 Dungeon Crawl Stone Soup version 0.31.0-32-g396128a36d (webtiles) character file.

Game seed: 4836902102895201403

11361 rutigerpupkin the Geomancer (level 11, 0/68 HPs)
             Began as a Gargoyle Earth Elementalist on Apr 11, 2024.
             Was a Believer of Vehumet.
             Slain by an elephant (14 damage)
             ... on level 1 of the Lair of Beasts.
             The game lasted 00:21:16 (8954 turns).

rutigerpupkin the Geomancer (GrEE)                  Turns: 8954, Time: 00:21:16

Health: 0/68       AC: 15    Str: 11    XL:     11   Next: 76%
Magic:  16/21      EV: 21    Int: 21    God:    Vehumet [**....]
Gold:   520        SH:  5    Dex: 10    Spells: 19/23 levels left

rFire   + + .        v - +8 whip of the Equinox {venom, ^Contam rF++ SInv Stlth+}
rCold   . . .        l - +0 buckler
rNeg    + . .        I - +0 troll leather armour
rPois   ∞            g - +0 helmet
rElec   +            (no cloak)
rCorr   .            z - +0 pair of gloves
SInv    +            P - +0 pair of boots
Will    .....        (no amulet)
Stlth   +++          N - +5 ring of evasion
HPRegen 1.11/turn    m - +5 ring of evasion
MPRegen 0.17/turn

%: no passive effects
@: marked
A: sickness immunity, AC +8, negative energy resistance 1, electricity
resistance, torment resistance 1, petrification resistance
a: Renounce Religion


You were on level 1 of the Lair of Beasts.
You worshipped Vehumet.
Vehumet was pleased with you.
You visited 4 branches of the dungeon, and saw 13 of its levels.
You also visited: Sewer.

You collected 520 gold pieces.

Inventory:

Hand Weapons
 v - the +8 whip of the Equinox (weapon) {venom, ^Contam rF++ SInv Stlth+}
   (You found it on level 6 of the Dungeon)

   rF++:      It greatly protects you from fire.
   SInv:      It lets you see invisible.
   ^Contam:   It causes magical contamination when unequipped.
   Stlth+:    It makes you more stealthy.
 O - the +6 shillelagh "Devastator" {shatter}
   (You found it on level 10 of the Dungeon)
Missiles
 r - 3 curare-tipped darts
 s - 11 poisoned darts (quivered)
 H - 5 boomerangs
 M - 2 throwing nets
Armour
 g - a +0 helmet (worn)
 l - a +0 buckler (worn)
 z - a +0 pair of gloves (worn)
 I - a +0 troll leather armour (worn)
 P - a +0 pair of boots (worn)
Magical Staves
 f - a staff of death
Jewellery
 m - a +5 ring of evasion (right hand)
 u - a +6 ring of dexterity
 C - a ring of protection from cold
 D - a ring of resist corrosion
 N - a +5 ring of evasion (left hand)
Wands
 a - a wand of paralysis (17)
 n - a wand of polymorph (29)
Scrolls
 c - a scroll of teleportation {unknown}
 d - 7 scrolls of identify {unknown}
 k - 2 scrolls of amnesia {unknown}
 p - a scroll of fog {unknown}
 q - a scroll of enchant armour {unknown}
 y - a scroll of enchant weapon {unknown}
 A - 4 scrolls of immolation {unknown}
 E - a scroll of torment {unknown}
 J - 3 scrolls of poison {unknown}
 K - 2 scrolls of fear {unknown}
 L - a scroll of blinking {unknown}
Potions
 b - 2 potions of magic
 e - 4 potions of haste {unknown}
 h - 3 potions of lignification {unknown}
 i - 9 potions of heal wounds
 j - 5 potions of curing {unknown}
 o - 5 potions of might {unknown}
 t - 5 potions of enlightenment
 w - a potion of berserk rage {unknown}
 x - 5 potions of cancellation {unknown}
 B - 2 potions of attraction {unknown}
 F - a potion of invisibility {unknown}
 G - 2 potions of brilliance {unknown}
 Q - a potion of ambrosia {unknown}


   Skills:
 + Level 7.8 Fighting
 + Level 7.2 Armour
 - Level 1.5 Dodging
 - Level 2.1 Stealth
 + Level 7.3 Shields
 + Level 6.7 Spellcasting
 + Level 7.7 Conjurations
 * Level 12.3 Earth Magic


You had 19 spell levels left.
You knew the following spells:

 Your Spells              Type           Power      Damage    Failure   Level
a - Sandblast             Erth           100%       2d20      1%          1
c - Stone Arrow           Conj/Erth      98%        3d13      1%          3

Your spell library contained the following spells:

 Spells                   Type           Power      Damage    Failure   Level
 Momentum Strike          Conj/Tloc      46%        3d9       4%          2
 Passwall                 Erth           56%        N/A       1%          3
 Brom's Barrelling Bould  Conj/Erth      49%        2d7       2%          4
 Petrify                  Alch/Erth      33%        N/A       12%         4
 Summon Small Mammal      Summ           28%        N/A       16%         1
 Ensorcelled Hibernation  Hex/Ice        14%        N/A       22%         2
 Call Canine Familiar     Summ           7%         N/A       41%         3
 Swiftness                Air            7%         N/A       41%         3
 Freezing Cloud           Conj/Ice/Air   8%         6-21      82%         5
 Dispel Undead            Necr           7%         3d8       83%         4
 Ignite Poison            Fire/Alch      7%         N/A       83%         4
 Martyr's Knell           Necr/Summ      7%         N/A       83%         4
 Summon Blazeheart Golem  Fire/Summ      7%         N/A       83%         4
 Death Channel            Necr           3%         N/A       100%        6
 Cigotuvi's Dreadful Rot  Necr/Alch/Air  Unusable   N/A       N/A         2

Dungeon Overview and Level Annotations

Branches:
Dungeon (10/15)            Temple (1/1) D:6            Lair (1/5) D:10
    Orc (1/2) D:9           Sewer (visited)

Altars:
Ashenzari
Cheibriados
Dithmenos
Elyvilon
Fedhas
Gozag
Hepliaklqana
Kikubaaqudgha
Makhleb
Nemelex Xobeh
Okawaru
Qazlal
Ru
Sif Muna
Trog
Uskayaw
Vehumet
Wu Jian
Xom
Yredelemnul
Zin
The Shining One

Shops:
D:9 *

Annotations:
D:5 1 runed translucent door, Crazy Yiuf
D:7 Jeremiah


Innate Abilities, Weirdness & Mutations

You are immune to sickness and miasma.
Your stone body is resilient. (AC +8)
You are immune to poison.
You resist negative energy. (rN+)
You are resistant to electric shocks. (rElec)
You are resistant to unholy torment.
You are immune to petrification.


Message History

The elephant attacks as it pursues you! The elephant tramples you!
* * * LOW HITPOINT WARNING * * *
You stumble backwards!
Casting: Sandblast (safe; 1% risk of failure)
Confirm with . or Enter, or press ? or * to list all spells.
Aiming: Stone Arrow (safe; 1% risk of failure)
Press: ? - help, Shift-Dir - straight line, f - elephant
Aim: an elephant (lightly wounded, poisoned, 100% to hit)
The stone arrow hits the elephant!!
The elephant is severely wounded.
The elephant tramples you!
* * * LOW HITPOINT WARNING * * *
You stumble backwards!
Casting: Stone Arrow (safe; 1% risk of failure)
Confirm with . or Enter, or press ? or * to list all spells.
Aiming: Stone Arrow (safe; 1% risk of failure)
Press: ? - help, Shift-Dir - straight line, f/p - elephant
Aim: an elephant (severely wounded, poisoned, 100% to hit)
The stone arrow hits the elephant!!
You kill the elephant!
Vehumet accepts your kill.
You feel your power returning.
Casting: Stone Arrow (safe; 1% risk of failure)
Confirm with . or Enter, or press ? or * to list all spells.
Aiming: Stone Arrow (safe; 1% risk of failure)
Press: ? - help, Shift-Dir - straight line, f - yak
Aim: a yak (85% to hit)
The stone arrow hits the yak!!
The yak is heavily wounded.
Unknown command.
You whack the yak!
The yak is almost dead.
The yak closely misses you. The yak completely misses you.
A yak comes into view. x2
The yak attacks as it pursues you! You block the yak's attack.
The yak moves out of view.
You hit the yak.
The yak is poisoned.
The yak is almost dead.
The elephant tramples you!
You die...

#..........................
#..........................
#..........................
#..........................
#..............##..†####..
#..##.###......####.#### .
#..########....##......#
#..##....##>...##.....##
#..##....#.@Y..##.....#
#..##.....#.YY.##.....#
#†.##....##...........#
#...####........#Y....#
#..#####'##....##.....#
#..............####.###
#............... .#
##....................
#......................


You could see an elephant (poisoned) and 3 yaks.

Vanquished Creatures
  2 two-headed ogres
  5 elephants (Lair:1)
  2 cane toads (Lair:1)
  2 gargoyles
  A troll (D:9)
  A hornet (D:9)
  Grinder (D:5)
  A shadow (D:9)
  Sigmund (D:6)
  4 wyverns
  15 yaks
  Grum (D:9)
  An orc warrior (D:6)
  2 water moccasins
  2 sky beasts (D:6)
  4 black bears
  4 wolves (D:8)
  4 centaurs
  3 kobold brigands
  Blork the orc (D:4)
  4 bullfrogs
  4 scorpions
  4 wights (D:9)
  8 killer bees (D:9)
  A howler monkey (D:7)
  A gnoll bouda (D:8)
  A hound (D:6)
  A bombardier beetle (D:6)
  3 orc priests
  2 jellies
  A sleepcap (D:6)
  Terence (D:3)
  3 iguanas
  7 orc wizards
  5 adders
  5 gnolls (D:8)
  2 river rats (Sewer)
  A white imp (D:7)
  4 ufetubi
  5 ribbon worms
  37 orcs
  6 ball pythons
  2 bats (D:1)
  5 endoplasms
  4 giant cockroaches
  6 goblins
  7 hobgoblins
  2 jackals (D:1)
  A quokka (D:4)
  A frilled lizard (D:3)
  12 kobolds
  11 rats
214 creatures vanquished.

Notes
Turn   | Place    | Note
-------+----------+-------------------------------------------
     0 | D:1      | rutigerpupkin the Gargoyle Earth Elementalist began the
                  | quest for the Orb.
     0 | D:1      | Reached XP level 1. HP: 10/10 MP: 3/3
   321 | D:1      | Reached XP level 2. HP: 16/16 MP: 3/5
   388 | D:1      | Reached skill level 4 in Earth Magic
   580 | D:1      | Reached skill level 1 in Fighting
   766 | D:1      | Reached XP level 3. HP: 20/20 MP: 3/6
  1061 | D:2      | Found a sparkling altar of Nemelex Xobeh.
  1366 | D:2      | Found a faded altar of an unknown god.
  1479 | D:2      | Reached XP level 4. HP: 25/25 MP: 3/7
  1914 | D:3      | Noticed Terence
  1928 | D:3      | Killed Terence
  2085 | D:3      | Noticed a scorpion
  2092 | D:3      | Killed a scorpion
  2093 | D:3      | Reached skill level 1 in Shields
  2093 | D:3      | Reached skill level 5 in Earth Magic
  2093 | D:3      | Reached XP level 5. HP: 22/30 MP: 1/9
  2335 | D:3      | Found a snail-covered altar of Cheibriados.
  2495 | D:4      | Found a glowing drain.
  2503 | Sewer    | Entered a sewer
  2610 | Sewer    | Noticed a kobold brigand
  2610 | Sewer    | Noticed a kobold brigand
  2627 | Sewer    | Killed a kobold brigand
  2628 | Sewer    | Reached XP level 6. HP: 36/36 MP: 5/10
  2749 | Sewer    | Found a glowing silver altar of Zin.
  3121 | D:4      | Noticed Blork the orc
  3132 | D:4      | Killed Blork the orc
  3133 | D:4      | Reached skill level 6 in Earth Magic
  3334 | D:4      | Reached XP level 7. HP: 40/40 MP: 9/11
  3548 | D:5      | Entered Level 5 of the Dungeon
  3551 | D:5      | Reached skill level 1 in Armour
  3795 | D:5      | Noticed Grinder
  3873 | D:5      | Paralysed by Grinder for 5 turns
  3878 | D:5      | Killed Grinder
  3879 | D:5      | Reached skill level 7 in Earth Magic
  3879 | D:5      | Reached XP level 8. HP: 43/47 MP: 8/13
  4348 | D:5      | Found a runed translucent door.
  4349 | D:5      | Noticed Crazy Yiuf
  4663 | D:6      | Found a blossoming altar of Fedhas.
  4664 | D:6      | Found a hide-covered altar of Uskayaw.
  4737 | D:6      | Noticed Sigmund
  4747 | D:6      | Reached skill level 8 in Earth Magic
  4764 | D:6      | Killed Sigmund
  4847 | D:6      | Reached XP level 9. HP: 52/52 MP: 12/15
  5185 | D:6      | Identified the +8 whip of the Equinox {venom, ^Contam rF++
                  | SInv Stlth+}
  5223 | D:6      | Found a staircase to the Ecumenical Temple.
  5233 | Temple   | Entered the Ecumenical Temple
  5253 | Temple   | Became a worshipper of Vehumet
  5341 | D:7      | Noticed Jeremiah
  5401 | D:7      | Reached skill level 5 in Conjurations
  5415 | D:7      | Found a bloodstained altar of Trog.
  5583 | D:6      | Reached skill level 5 in Fighting
  5812 | D:7      | Reached skill level 9 in Earth Magic
  5963 | D:7      | Learned a level 3 spell: Stone Arrow
  6185 | D:8      | Found a hazy altar of Hepliaklqana.
  6257 | D:8      | Noticed a two-headed ogre
  6267 | D:8      | Reached * piety under Vehumet
  6267 | D:8      | Offered knowledge of Shock by Vehumet.
  6301 | D:8      | Killed a two-headed ogre
  6302 | D:8      | Reached skill level 5 in Shields
  6302 | D:8      | Reached skill level 5 in Spellcasting
  6613 | D:8      | Reached XP level 10. HP: 60/60 MP: 14/17
  6790 | D:9      | Found Gozag's Platinum Reserve.
  6826 | D:9      | Reached skill level 5 in Armour
  6826 | D:9      | Reached skill level 10 in Earth Magic
  6830 | D:9      | Found an opulent altar of Gozag.
  6971 | D:9      | HP: 2/60 [killer bee (7)]
  7182 | D:9      | Found a staircase to the Orcish Mines.
  7275 | D:9      | Noticed a two-headed ogre
  7281 | D:9      | Killed a two-headed ogre
  7335 | D:9      | Offered knowledge of Static Discharge by Vehumet.
  7342 | D:9      | Reached ** piety under Vehumet
  7373 | D:9      | Noticed Grum
  7388 | D:8      | Reached skill level 11 in Earth Magic
  7448 | D:9      | Killed Grum
  7535 | D:9      | Reached XP level 11. HP: 33/66 MP: 12/20
  7683 | D:10     | Entered Level 10 of the Dungeon
  7847 | Orc:1    | Entered Level 1 of the Orcish Mines
  8187 | D:10     | Found the +6 shillelagh "Devastator" {shatter}
  8234 | D:10     | Offered knowledge of Momentum Strike by Vehumet.
  8499 | D:10     | Found a staircase to the Lair.
  8661 | Lair:1   | Entered Level 1 of the Lair of Beasts
  8754 | Lair:1   | Reached skill level 12 in Earth Magic
  8954 | Lair:1   | Slain by an elephant

Illustrated notes

Levels and vault maps discovered:
D:1:      roderic_crossed_star, layout_loops_ring, minmay_tromino_i4
D:2:      layout_basic, ebering_ecumenical_altar_abandoned, basic_altar
D:3:      layout_loops_ring, mainiacjoe_overflow_alcove_1, uniq_terence
D:4:      layout_basic, portal_sewer_entry_b, uniq_blork_the_orc
D:5:      layout_cave_pools, hangedman_decor_clover_reticule, minivault_5,
          uniq_crazy_yiuf_cottage, uniq_grinder
D:6:      layout_loops_ring, chequers_temple_overflow_statue_of_worship,
          minmay_temple_entry_poolview, grunt_decor_junction, minivault_26,
          uniq_sigmund
D:7:      layout_cave_pools, lemuel_crystal_altar, uniq_jeremiah
D:8:      layout_basic, mainiacjoe_overflow_tiny_flanked, grunt_decor_one_mirror
D:9:      layout_stronghold, nicolae_gozag_zags_fifth_avenue, orc_0_dummy,
          uniq_grum
D:10:     layout_basic, lair_entry_dummy
Temple:   lightli_temple_of_artemis
Lair:1:   layout_regular_city, wad_woods_river_04
Orc:1:    layout_caves

Skill      XL: |  1  2  3  4  5  6  7  8  9 10 11 |
---------------+----------------------------------+-----
Earth Magic    | 4 5 6 7 8 9 11 12 | 12.3
Fighting       | 1 2 3 4 5 6 7 |  7.8
Conjurations   | 2 3 4 5 6 7 |  7.7
Shields        | 1 2 3 4 5 6 7 |  7.3
Spellcasting   | 3 4 5 6 |  6.7
Armour         | 2 3 4 6 7 |  7.2
Dodging        | |  1.5
Stealth        | |  2.1

Action                     |  1- 3 |  4- 6 |  7- 9 | 10-12 || total
---------------------------+-------+-------+-------+-------++-------
  Melee: Short sword       |     1 |       |       |       ||     1
         Unarmed           |       |     6 |       |       ||     6
         War axe           |       |    12 |       |       ||    12
         Dagger            |       |     7 |       |       ||     7
         Double sword      |       |     6 |    36 |       ||    42
         Whip              |       |       |    33 |   169 ||   202
  Throw: Dart              |       |       |     1 |     5 ||     6
   Cast: Sandblast         |    41 |    50 |   142 |   101 ||   334
         Stone Arrow       |       |       |       |    14 ||    14
   Stab: Sleeping          |       |       |       |     1 ||     1
 Armour: Robe              |     7 |    25 |       |       ||    32
         Skin              |       |     3 |       |       ||     3
         Leather armour    |       |     2 |   142 |    11 ||   155
         Troll leather arm |       |       |       |   232 ||   232
  Dodge: Dodged            |    18 |    31 |    92 |   260 ||   401
  Block: Buckler           |       |     8 |    46 |    91 ||   145
